 Dungeon Crawl Stone Soup version 0.31.0-1-g2c135a0 (webtiles) character file.

Game seed: 6290205396752340425

107948 ElricMelnibone the Torchbearer (level 16, -10/122 HPs)
             Began as a Demonspawn Monk on Feb 16, 2024.
             Was a Follower of Yredelemnul.
             Mangled by a large slime creature (15 damage)
             ... while paralysed by Nessos
             ... on level 15 of the Dungeon.
             The game lasted 02:55:26 (22860 turns).

ElricMelnibone the Torchbearer (Demonspawn Monk)   Turns: 22860, Time: 02:55:26

Health: -10/122    AC: 15    Str: 18    XL:     16   Next: 1%
Magic:  27/33      EV:  2    Int: 12    God:    Yredelemnul [*.....]
Gold:   291        SH:  0    Dex: 29    Spells: 16/21 levels left

rFire   + . .        a - +7 short sword "Iwkuhohi" {vamp, rPois rC+++ rCorr Stlth-}
rCold   + + +        (no shield)
rNeg    . . .        G - +4 robe "Ogisuar" {rC+ Dex+7}
rPois   +            M - +2 hat
rElec   .            w - +1 cloak
rCorr   +            f - +0 pair of gloves
SInv    .            X - +2 pair of boots {rampage}
Will    +....        V - amulet of regeneration
Stlth   ++++         i - ring of Ferutess {rF+ MP+9 Slay+2}
HPRegen 1.20/turn    p - +6 ring of dexterity
MPRegen 0.23/turn

%: rampage
@: paralysed, studying Dodging
A: repulsion field 2, demonic guardian 2, spiny 2, demonic touch 2
a: Renounce Religion, Recall Undead Harvest


You were on level 15 of the Dungeon.
You worshipped Yredelemnul.
Yredelemnul was aware of your devotion.
You visited 4 branches of the dungeon, and saw 23 of its levels.
You also visited: Ossuary.

You collected 2167 gold pieces.
You spent 1876 gold pieces at shops.

Inventory:

Hand Weapons
 a - the +7 short sword "Iwkuhohi" (weapon) {vamp, rPois rC+++ rCorr Stlth-}
   (You found it on level 3 of the Dungeon)

   rC+++:     It renders you almost immune to cold.
   rPois:     It protects you from poison rCorr: It protects you from acid and
   corrosion.
   Stlth-:    It makes you less stealthy.
 b - the +6 Majin-Bo {spellvamp, MP+6 Int+6}
   (You found it on level 4 of the Lair of Beasts)

   Int+6:     It affects your intelligence (+6).
   MP+6:      It affects your magic capacity (+6).
 l - the +4 orcbow "Gaxih" {drain, rElec rPois rC+}
   (You found it on level 13 of the Dungeon)

   rC+:       It protects you from cold.
   rElec:     It insulates you from electricity.
   rPois:     It protects you from poison
Missiles
 Y - a throwing net
Armour
 d - an orb of light
 f - a +0 pair of gloves (worn)
 w - a +1 cloak (worn)
 B - a +1 buckler of fire resistance
 G - the +4 robe "Ogisuar" (worn) {rC+ Dex+7}
   (You found it on level 2 of the Dungeon)

   Dex+7:     It affects your dexterity (+7).
   rC+:       It protects you from cold.
 M - a +2 hat (worn)
 W - a +4 ring mail of willpower
 X - a +2 pair of boots of rampaging (worn)
Magical Staves
 N - a staff of air
Jewellery
 g - a ring of flight
 i - the ring of Ferutess (left hand) {rF+ MP+9 Slay+2}
   (You bought it in a shop on level 1 of the Orcish Mines)

   [ring of magical power]

   Slay+2:    It affects your accuracy & damage with ranged weapons and melee
   (+2).
   rF+:       It protects you from fire.
   MP+9:      It affects your magic capacity (+9).
 p - a +6 ring of dexterity (right hand)
 J - an amulet of magic regeneration
 V - an amulet of regeneration (around neck)
Wands
 s - a wand of paralysis (18)
 C - a wand of iceblast (10)
 H - a wand of light (6)
 Q - a wand of flame (33)
 U - a wand of polymorph (11)
Scrolls
 n - 9 scrolls of teleportation
 o - 8 scrolls of vulnerability
 q - 3 scrolls of amnesia
 r - 3 scrolls of revelation
 u - a scroll of torment
 y - a scroll of acquirement
 A - 5 scrolls of noise
 D - 2 scrolls of immolation
 L - 5 scrolls of fog
 R - a scroll of enchant armour
 T - 2 scrolls of blinking
 Z - 6 scrolls of poison
Potions
 c - a potion of ambrosia
 e - 7 potions of mutation
 h - 2 potions of resistance
 j - 3 potions of invisibility
 k - 3 potions of magic
 t - a potion of berserk rage
 v - 4 potions of attraction
 z - 8 potions of curing
 E - 5 potions of heal wounds
 F - 3 potions of enlightenment
 I - 3 potions of brilliance
 K - 3 potions of lignification
 O - 4 potions of haste
 P - 4 potions of might
 S - a potion of cancellation
Miscellaneous
 m - a lightning rod (4/4)
 x - a box of beasts


   Skills:
 - Level 10.0 Fighting
 - Level 10.0 Short Blades
 - Level 3.6 Maces & Flails
 - Level 2.0 Polearms
 + Level 7.6 Armour
 * Level 6.8 Dodging
 - Level 10.0 Stealth
 - Level 4.5 Shields
 - Level 3.0 Spellcasting
 - Level 7.0 Hexes
 - Level 11.0 Necromancy
 + Level 10.0 Fire Magic
 - Level 4.0 Ice Magic
 + Level 11.0 Invocations
 + Level 7.8 Evocations


You had 16 spell levels left.
You knew the following spells:

 Your Spells              Type           Power      Damage    Failure   Level
a - Ensorcelled Hibernat  Hex/Ice        30%        N/A       3%          2
b - Fugue of the Fallen   Necr           28%        N/A       1%          3

Your spell library contained the following spells:

 Spells                   Type           Power      Damage    Failure   Level
 Slow                     Hex            72%        N/A       1%          1
 Vampiric Draining        Necr           28%        2d8       1%          3
 Dispel Undead            Necr           28%        3d13      2%          4
 Confusing Touch          Hex            18%        N/A       4%          3
 Sigil of Binding         Hex            18%        N/A       4%          3
 Anguish                  Hex/Necr       11%        N/A       6%          4
 Cigotuvi's Dreadful Rot  Necr/Alch/Air  20%        N/A       9%          2
 Shock                    Conj/Air       4%         1d3       24%         1
 Martyr's Knell           Necr/Summ      15%        N/A       26%         4
 Ignite Poison            Fire/Alch      13%        N/A       30%         4
 Sticky Flame             Fire/Alch      13%        2d5       30%         4
 Static Discharge         Conj/Air       2%         3-4/arc   36%         2
 Borgnjor's Vile Clutch   Necr/Erth      7%         N/A       56%         5
 Gell's Gravitas          Tloc           1%         N/A       58%         3
 Swiftness                Air            1%         N/A       58%         3
 Teleport Other           Tloc           1%         N/A       58%         3
 Airstrike                Air            0%         2d(1-17)  94%         4
 Summon Lightning Spire   Summ/Air       1%         N/A       94%         4
 Vhi's Electric Charge    Tloc/Air       2%         N/A       94%         4
 Plasma Beam              Fire/Air       6%         2x1d17    99%         6
 Arcjolt                  Conj/Air       0%         1d10      100%        5
 Dispersal                Tloc           0%         N/A       100%        6
 Ignition                 Fire           12%        3d6       100%        8
 Animate Dead             Necr           Unusable   N/A       N/A         4
 Death Channel            Necr           Unusable   N/A       N/A         6

Dungeon Overview and Level Annotations

Branches:
Dungeon (15/15)            Temple (0/1) D:4            Lair (5/5) D:9
  Swamp (0/4) Lair:3        Snake (1/4) Lair:3        Slime (0/5) Lair:4
    Orc (2/2) D:12         Vaults (0/5) D:13        Ossuary (visited)
    Elf: Orc:2       Depths: D:15

Altars:
Ashenzari
Dithmenos
Makhleb
Qazlal
Trog
Yredelemnul
Jiyva

Shops:
D:12 *   D:15 :   Orc:1 =[:   Orc:2 [?*

Annotations:
D:5 2 runed translucent doors, mezmerelda's ghost, amateur HOFi
D:15 Nessos


Innate Abilities, Weirdness & Mutations

You are surrounded by a moderate repulsion field. (EV +3)
A demonic guardian rushes to your aid.
You are mostly covered in sharp spines.
Your touch may inflict irresistible damage on your foes.


Message History

Nessos casts a spell.
Nessos blinks!
The very large slime creature hits your sun demon!!!
Your sun demon dies!
Your sun demon disappears in a puff of smoke!
The salamander closely misses you.
Your ugly thing zombie hits the salamander!
Nessos wields a +2 longbow of flaming.
It bursts into flame!
Nessos shoots an arrow.
The arrow hits you. The arrow burns you.
You are poisoned.
Nessos shoots an arrow.
The arrow hits you.
You are more poisoned.
The salamander hits you from afar with a +3 trident!
A demonic guardian appears!
You are engulfed in flames.
You resist.
You feel very sick.
Nessos shoots an arrow.
The arrow hits you! The arrow burns you.
Nessos shoots an arrow.
The arrow hits you!!
* * * LOW HITPOINT WARNING * * *
The arrow burns you.
* * * LOW HITPOINT WARNING * * *
A very large slime creature splits.
Your hellwing hits the salamander! Your hellwing hits the salamander.
Nessos shoots an arrow.
The arrow hits you!
* * * LOW HITPOINT WARNING * * *
You feel better.
Nessos zaps a wand.
You suddenly lose the ability to move!
Nessos casts a spell.
Nessos blinks!
Your orc zombie hits the large slime creature.
The large slime creature hits you but does no damage.
The salamander hits you but does no damage.
Your hellwing hits the salamander. x2
The slime creature is struck by your spines.
The slime creature hits you!
* * * LOW HITPOINT WARNING * * *
Nessos casts a spell.
Nessos blinks!
Your ugly thing zombie hits the large slime creature!
Nessos gestures wildly while chanting.
Nessos blinks!
The large slime creature hits you!
You die...
Your body rises from the dead as a mindless zombie.

##### #...# #.§.# ## ##
####... .# J. #..... .#
#. #..§.# .# #.J#.YJ@# .
. .# # ##.#..JZ# .... .#
..#..§.4NZ##..... .#
≈...8.....'......
.#########.......#####.#
..................#
..#############..c# ##.
.## #...##..QQ. .#####
#......#


You could see a dire elephant, Nessos (fast, possessable, ally target), a
salamander (ally target), a large slime creature, a slime creature, a friendly
hellwing (summoned), a friendly ugly thing zombie and a friendly orc zombie.

Vanquished Creatures
  A sphinx (D:13)
  Gastronok (Lair:1)
  Frances (D:14)
  A tengu reaver (D:13)
  Snorg (D:12)
  Josephine (D:15)
  A rakshasa (D:14)
  Fannar (Lair:2)
  Erolcha (Orc:1)
  Erica (D:10)
  4 vault guards (D:13)
  7 centaur warriors
  5 two-headed ogres
  2 tengu warriors
  9 boulder beetles
  6 death yaks
  A deep troll earth mage (D:13)
  2 naga sharpshooters (Snake:1)
  Amaemon (Lair:1)
  Sonja (D:10)
  4 skeletal warriors (D:14)
  2 orc knights (D:15)
  Pikel (D:7)
  A phantasmal warrior (D:13)
  5 deep elf pyromancers
  A spectral wolf spider (Lair:5)
  14 ugly things
  4 lindwurms (Lair:4)
  4 cyclopes
  A wolf spider (Lair:5)
  10 elephants
  Maurice (D:7)
  7 manticores
  2 moths of wrath (D:12)
  A salamander (Snake:1)
  2 meliai (D:15)
  2 kobold blastminers (Orc:1)
  4 black mambas
  An orange demon (Lair:1)
  21 cane toads
  A rime drake (Lair:1)
  A gargoyle (D:11)
  9 komodo dragons
  An unseen horror (D:11)
  A tengu conjurer (D:13)
  A freezing wraith (D:13)
  A yaktaur (D:13)
  2 efreet
  7 trolls
  A guardian mummy (D:12)
  2 polar bears
  A tyrant leech (Lair:5)
  15 blink frogs
  2 dream sheep (Lair:5)
  A centaur simulacrum (D:15)
  5 slime creatures
  Sigmund (D:2)
  A shadow (D:12)
  3 wyverns
  A water elemental (D:15)
  5 wraiths
  A basilisk (Lair:5)
  16 yaks
  21 vampire mosquitoes
  4 nagas (Lair:3)
  A redback simulacrum (D:13)
  A swamp worm (Lair:3)
  4 acid dragons
  9 water moccasins
  3 sky beasts
  A blink frog zombie (Lair:5)
  An ice beast (D:8)
  A black bear (D:5)
  6 orc warriors
  A laughing skull (D:13)
  19 wolves
  An ogre (D:15)
  11 centaurs
  A lemure (D:7)
  2 elf zombies (Ossuary)
  A kobold brigand (D:11)
  4 gnoll sergeants
  A scorpion (D:7)
  9 bullfrogs
  8 wights
  5 spectral wolves (Lair:5)
  2 howler monkeys
  2 electric eels
  A centaur zombie (Ossuary)
  A bullfrog zombie (Lair:5)
  6 hounds
  A bombardier beetle (D:6)
  A human zombie (Ossuary)
  4 jellies
  Crazy Yiuf (D:7)
  8 orc priests
  2 gnoll boudas
  4 sleepcaps
  An iguana (D:7)
  13 orc wizards
  An acid dragon zombie (D:9)
  4 hound zombies (Ossuary)
  6 mummies
  Robin (D:3)
  3 adders
  31 gnolls
  2 white imps (D:7)
  6 ufetubi
  4 adder zombies (Ossuary)
  A spectral gnoll (D:9)
  A dart slug (D:1)
  4 ribbon worms
  35 orcs
  10 ball pythons
  A bat zombie (D:2)
  3 endoplasms
  4 giant cockroaches
  18 goblins
  7 hobgoblins
  A quokka (D:2)
  5 bats
  4 frilled lizards
  7 gnoll zombies
  7 jackal zombies (Ossuary)
  15 kobolds
  6 kobold zombies (Ossuary)
  4 orc zombies (Ossuary)
  5 rats
573 creatures vanquished.

Vanquished Creatures (collateral kills)
  2 ettins (D:13)
  3 hydras
  A rakshasa (D:13)
  The ghost of IAmTheZeppo the Toxicologist, a journeyman DsAl of Fedhas (D:12)
  A centaur warrior (D:13)
  A death knight (D:13)
  2 death yaks (Lair:4)
  A naga warrior (Snake:1)
  A skeletal warrior (D:14)
  A goliath frog (Lair:5)
  A skyshark (Lair:2)
  2 ugly things (D:14)
  A cyclops (D:13)
  A meliai (D:13)
  4 elephants
  A black mamba (Lair:5)
  5 cane toads
  2 komodo dragons (Lair:2)
  2 freezing wraiths (D:13)
  A rime drake (Lair:1)
  3 guardian mummies (D:12)
  A tyrant leech (Lair:5)
  3 dream sheep (Lair:5)
  4 blink frogs
  5 yaks
  2 wraiths
  A shadow (D:11)
  A water elemental (D:15)
  Edmund (D:6)
  A vampire mosquito (Lair:5)
  2 water moccasins (Lair:5)
  A black bear (D:6)
  An ogre (D:6)
  2 centaurs
  2 lemures (D:7)
  An elf zombie (Ossuary)
  A phantom (D:6)
  A kobold brigand (D:7)
  5 bullfrogs
  A gnoll sergeant (D:9)
  A scorpion (D:6)
  2 electric eels
  A howler monkey (D:10)
  An orc priest (D:15)
  A hound (D:7)
  2 sleepcaps
  3 orc wizards
  An iguana (D:4)
  2 gnolls
  2 white imps (D:6)
  11 orcs
  A kobold (D:11)
  6 frilled lizards
  2 kobold zombies (Ossuary)
  2 butterflies (Lair:5)
111 creatures vanquished.

Vanquished Creatures (others)
  2 ugly thing zombies
  A death yak zombie (Lair:4)
  2 human zombies (D:13)
  A troll (D:12)
  A deep troll zombie (D:13)
  An ettin zombie (D:13)
  2 black mamba zombies
  A slime creature zombie (D:15)
  A tyrant leech zombie (Lair:5)
  A tengu zombie (D:14)
  2 cane toad zombies (Lair:4)
  A spectral efreet (D:14)
  An elf zombie (D:15)
  4 blink frog zombies
  A komodo dragon zombie (Lair:2)
  A yaktaur zombie (D:13)
  A cyclops zombie (D:14)
  2 water moccasin zombies
  2 troll zombies
  4 wolf zombies
  4 bullfrog zombies
  6 centaur zombies
  2 hound zombies (D:7)
  2 ribbon worm zombies
  2 spectral white imps
  An adder zombie (D:5)
  A jelly zombie (D:5)
  A bat zombie (D:3)
  12 gnoll zombies
  A frilled lizard zombie (D:4)
  5 goblin zombies (D:3)
  A hobgoblin zombie (D:3)
  3 kobold zombies
  23 orc zombies
  2 spectral ufetubi
98 creatures vanquished.

Grand Total: 782 creatures vanquished

Notes
Turn   | Place    | Note
-------+----------+-------------------------------------------
     0 | D:1      | ElricMelnibone the Demonspawn Monk began the quest for the
                  | Orb.
     0 | D:1      | Reached XP level 1. HP: 18/18 MP: 1/1
    10 | D:1      | Noticed a minotaur skeleton
    14 | D:1      | Noticed a minotaur skeleton
    20 | D:1      | Noticed a minotaur skeleton
   191 | D:1      | Gained mutation: A weak demonic guardian rushes to your
                  | aid. [demonic ancestry]
   191 | D:1      | Reached XP level 2. HP: 24/24 MP: 2/2
   633 | D:2      | Reached skill level 1 in Stealth
   633 | D:2      | Reached XP level 3. HP: 29/29 MP: 3/3
   769 | D:2      | Gained mutation: You are surrounded by a mild repulsion
                  | field. (EV +2) [demonic ancestry]
   769 | D:2      | Reached XP level 4. HP: 22/37 MP: 4/4
   897 | D:2      | Noticed Sigmund
  1152 | D:3      | You are sucked into a shaft and drop 3 floors!
  1152 | D:6      | Found a stormy altar of Qazlal.
  1152 | D:6      | Found a broken altar of Ashenzari.
  1152 | D:6      | Found a basalt altar of Yredelemnul.
  1152 | D:6      | Found a shadowy altar of Dithmenos.
  1163 | D:6      | Became a worshipper of Yredelemnul the Dark
  1163 | D:6      | Reached * piety under Yredelemnul
  1163 | D:6      | Reached ** piety under Yredelemnul
  1173 | D:6      | Noticed a black bear
  1174 | D:6      | Noticed a sky beast
  1174 | D:6      | Noticed a phantom
  1177 | D:6      | Killed a black bear
  1178 | D:6      | Reached skill level 1 in Armour
  1178 | D:6      | Reached XP level 5. HP: 43/43 MP: 5/5
  1182 | D:6      | Killed a phantom
  1183 | D:6      | Reached skill level 5 in Fighting
  1183 | D:6      | Reached XP level 6. HP: 47/51 MP: 6/6
  1186 | D:6      | Killed a sky beast
  1187 | D:6      | Reached skill level 1 in Invocations
  1201 | D:6      | Reached *** piety under Yredelemnul
  1237 | D:6      | Gained mutation: Your touch may inflict minor irresistible
                  | damage on your foes. [demonic ancestry]
  1237 | D:6      | Reached XP level 7. HP: 54/56 MP: 8/8
  1237 | D:6      | Reached **** piety under Yredelemnul
  1296 | D:6      | Found a sand-covered staircase.
  1316 | Ossuary  | Entered an ossuary
  1879 | Ossuary  | Reached XP level 8. HP: 47/64 MP: 11/11
  1885 | Ossuary  | Reached skill level 5 in Invocations
  2204 | D:6      | Reached skill level 5 in Dodging
  2382 | D:6      | Noticed Edmund
  2403 | D:6      | Killed Edmund
  2632 | D:5      | Entered Level 5 of the Dungeon
  3457 | D:4      | Found a staircase to the Ecumenical Temple.
  3580 | D:3      | Noticed Robin
  3600 | D:3      | Killed Robin
  3626 | D:3      | Identified the +7 short sword "Iwkuhohi" {vamp, rPois rC+++
                  | rCorr Stlth-}
  3749 | D:3      | Reached skill level 1 in Short Blades
  4418 | D:2      | Identified the +4 robe "Ogisuar" {rC+ Dex+7}
  4491 | D:2      | Killed Sigmund
  5119 | D:5      | Noticed a two-headed ogre
  5349 | D:5      | Found a runed translucent door.
  5355 | D:5      | Noticed mezmerelda's ghost (amateur HOFi)
  5496 | D:5      | Gained mutation: You are partially covered in sharp spines.
                  | [demonic ancestry]
  5496 | D:5      | Reached XP level 9. HP: 63/69 MP: 13/13
  5812 | D:5      | Killed a two-headed ogre
  5813 | D:5      | Reached skill level 1 in Shields
  5982 | D:5      | Found a runed translucent door.
  5985 | D:5      | Reached skill level 5 in Evocations
  6183 | D:7      | Reached skill level 5 in Short Blades
  6536 | D:7      | Something stole a +1 flail of draining
  6538 | D:7      | Something stole 540 gold
  6539 | D:7      | Something stole 18 boomerangs
  6543 | D:7      | Something stole an orb of light
  6552 | D:7      | Noticed Maurice
  6564 | D:7      | Killed Maurice
  6565 | D:7      | Reached XP level 10. HP: 35/79 MP: 8/14
  6766 | D:7      | Noticed Pikel
  6785 | D:7      | Killed Pikel
  6786 | D:7      | Reached skill level 1 in Polearms
  6926 | D:7      | Noticed a boulder beetle
  6926 | D:7      | Noticed a boulder beetle
  6964 | D:7      | Noticed a manticore
  7760 | D:9      | Noticed a two-headed ogre
  7770 | D:9      | Killed a two-headed ogre
  7891 | D:9      | Noticed a death yak
  7897 | D:9      | Noticed a death yak
  7899 | D:9      | Noticed a death yak
  7911 | D:9      | Killed a death yak
  7911 | D:9      | Killed a death yak
  7911 | D:9      | Killed a death yak
  7912 | D:9      | Reached skill level 5 in Stealth
  7912 | D:9      | Gained mutation: You are mostly covered in sharp spines.
                  | [demonic ancestry]
  7912 | D:9      | Reached XP level 11. HP: 64/84 MP: 10/16
  7967 | D:9      | Found a staircase to the Lair.
  8448 | D:10     | Entered Level 10 of the Dungeon
  8610 | D:10     | Noticed Erica
  8640 | D:10     | Noticed Sonja
  8660 | D:10     | Killed Sonja
  8870 | D:10     | Killed Erica
  8977 | D:10     | Found a burning altar of Makhleb.
  9234 | Lair:1   | Entered Level 1 of the Lair of Beasts
  9234 | Lair:1   | Noticed Amaemon
  9588 | Lair:1   | Killed Amaemon
  9817 | Lair:1   | Noticed Gastronok
  9853 | Lair:1   | Killed Gastronok
  9853 | Lair:1   | Reached ***** piety under Yredelemnul
  9854 | Lair:1   | Reached XP level 12. HP: 77/93 MP: 12/18
 10320 | Lair:2   | Reached skill level 1 in Spellcasting
 10320 | Lair:2   | Reached skill level 1 in Hexes
 10358 | Lair:2   | Reached ****** piety under Yredelemnul
 10474 | Lair:2   | Noticed a seven-headed hydra
 10484 | Lair:2   | Killed a seven-headed hydra
 10652 | Lair:2   | Noticed Fannar
 10671 | Lair:2   | Killed Fannar
 10672 | Lair:2   | Reached skill level 10 in Short Blades
 10742 | Lair:2   | Noticed a four-headed hydra
 10756 | Lair:2   | Killed a four-headed hydra
 11418 | Lair:3   | Found a staircase to the Snake Pit.
 11479 | Lair:3   | Reached skill level 10 in Invocations
 11482 | Lair:3   | Reached skill level 10 in Fighting
 11625 | Lair:3   | Found a staircase to the Swamp.
 11716 | Lair:3   | Reached XP level 13. HP: 103/103 MP: 19/21
 11724 | Lair:3   | Learned a level 2 spell: Ensorcelled Hibernation
 11989 | Lair:3   | Reached skill level 5 in Hexes
 12312 | Lair:3   | Reached skill level 1 in Ice Magic
 12522 | Lair:4   | Found a viscous altar of Jiyva.
 12522 | Lair:4   | Found a staircase to the Slime Pits.
 12821 | Lair:4   | Found the +6 Majin-Bo {spellvamp, MP+6 Int+6}
 13379 | Lair:4   | Reached skill level 1 in Necromancy
 13379 | Lair:4   | Reached skill level 1 in Fire Magic
 13469 | Lair:5   | Entered Level 5 of the Lair of Beasts
 14063 | Lair:5   | Reached skill level 5 in Armour
 14544 | Lair:5   | Found the +3 robe of Clouds {*Thunder rCloud rElec}
 14690 | Lair:5   | Gained mutation: Your touch may inflict irresistible damage
                  | on your foes. [demonic ancestry]
 14690 | Lair:5   | Reached XP level 14. HP: 77/110 MP: 22/22
 14707 | Lair:5   | Reached skill level 5 in Necromancy
 15229 | Lair:5   | Learned a level 3 spell: Fugue of the Fallen
 16501 | D:12     | Noticed a reaper
 16501 | D:12     | Noticed a reaper
 16501 | D:12     | Noticed a reaper
 16501 | D:12     | Noticed a reaper
 16719 | D:12     | Noticed a reaper
 17022 | D:12     | Found Reuchil's Assorted Antiques.
 17030 | D:12     | Bought a pair of embroidered boots for 195 gold pieces
 17030 | D:12     | Bought a potion of curing for 78 gold pieces
 17030 | D:12     | Bought a scroll of identify for 52 gold pieces
 17030 | D:12     | Bought a potion of curing for 78 gold pieces
 17096 | D:12     | Noticed IAmTheZeppo's ghost (journeyman DsAl)
 17097 | D:12     | Found a bloodstained altar of Trog.
 17098 | D:12     | Found a transporter.
 17104 | D:12     | Identified the ring "Ybuink" {Will- rCorr Str+3 Int+2
                  | Dex+4}
 17176 | D:12     | Found a staircase to the Orcish Mines.
 17189 | D:12     | Noticed Snorg
 17199 | D:12     | Killed Snorg
 17227 | D:12     | Found a transporter.
 17539 | Orc:1    | Entered Level 1 of the Orcish Mines
 17541 | Orc:1    | Found Bitog's Book Boutique.
 17713 | Orc:1    | Found Mijazor's Jewellery Emporium.
 17716 | Orc:1    | Bought the ring of Ferutess {rF+ MP+9 Slay+2} for 593 gold
                  | pieces
 17891 | Orc:1    | Noticed Erolcha
 17934 | Orc:1    | Killed Erolcha
 17935 | Orc:1    | Reached skill level 5 in Fire Magic
 18012 | Orc:1    | Found Muar's Armour Boutique.
 18090 | Orc:2    | Entered Level 2 of the Orcish Mines
 18090 | Orc:2    | Found Zuezitu's Magic Scroll Shop.
 18099 | Orc:2    | Found Qots's General Store.
 18101 | Orc:2    | Found Mugreib's Antique Armour Emporium.
 18113 | Orc:2    | Paralysed by an orc sorcerer for 5 turns
 18717 | D:7      | Found a runed translucent door.
 18718 | D:7      | Noticed Crazy Yiuf
 18723 | D:7      | Killed Crazy Yiuf
 18911 | Snake:1  | Entered Level 1 of the Snake Pit
 19159 | D:12     | Killed IAmTheZeppo's ghost
 19623 | D:13     | Found a gate to the Vaults.
 19949 | D:13     | Gained mutation: You are surrounded by a moderate repulsion
                  | field. (EV +3) [demonic ancestry]
 19949 | D:13     | Reached XP level 15. HP: 115/115 MP: 23/23
 19962 | D:13     | Reached skill level 10 in Stealth
 20077 | D:13     | Noticed a sphinx
 20089 | D:13     | Noticed a tengu reaver
 20101 | D:13     | Paralysed by a sphinx for 5 turns
 20107 | D:13     | Killed a sphinx
 20499 | D:14     | Noticed Frances
 20504 | D:14     | Killed Frances
 20505 | D:14     | Reached skill level 10 in Necromancy
 20597 | D:14     | Found a broken altar of Ashenzari.
 21214 | D:14     | Identified a scroll of acquirement
 21587 | D:13     | Killed a tengu reaver
 21732 | D:13     | Identified the +4 orcbow "Gaxih" {drain, rElec rPois rC+}
 22192 | D:15     | Entered Level 15 of the Dungeon
 22205 | D:15     | Noticed Josephine
 22206 | D:15     | Noticed Nessos
 22463 | D:15     | Killed Josephine
 22634 | D:15     | Gained mutation: A demonic guardian rushes to your aid.
                  | [demonic ancestry]
 22634 | D:15     | Reached XP level 16. HP: 71/122 MP: 24/24
 22773 | D:15     | Found Xytzugeercha's Self-Improvement Boutique.
 22797 | D:15     | Reached skill level 10 in Fire Magic
 22814 | D:15     | Bought a manual of Dodging for 880 gold pieces
 22836 | D:15     | Paralysed by Nessos for 5 turns
 22859 | D:15     | Paralysed by Nessos for 5 turns
 22859 | D:15     | HP: 4/122 [slime creature (16)]
 22860 | D:15     | Mangled by a large slime creature

Illustrated notes

Levels and vault maps discovered:
D:1:      shiori_arrival_whats_in_store_for_you, layout_basic,
          serial_park_tiny_1
D:2:      layout_loops_corners, uniq_sigmund
D:3:      layout_basic, minmay_misc_feat_cross, bh_walls_and_bars, uniq_robin
D:4:      layout_basic, lemuel_temple_firewalk_b, wad_floor_pattern_untrapped,
          minmay_lizard_king
D:5:      layout_cave_pools, ebering_ghost_sewer_f, minmay_stone_trees_small,
          hangedman_decor_growths
D:6:      layout_rooms, grunt_temple_overflow_open, nicolae_ossuary_entry_plus,
          uniq_edmund
D:7:      minmay_bubble_buster, layout_cave_pools, serial_column_ruins,
          column_ruins_circle_small, column_ruins_columns_corner,
          column_ruins_open_tiny, column_ruins_grid_1, serial_bayou_pond_c,
          minmay_shattered_shrine, uniq_maurice, uniq_pikel,
          uniq_crazy_yiuf_cottage
D:8:      layout_cave_pools, kennysheep_generic_room_14
D:9:      layout_irregular_city, dpeg_lair_monsters
D:10:     layout_cave_pools, lightli_temple_of_fire, minmay_orc_keep,
          uniq_erica, uniq_sonja
D:11:     layout_basic
D:12:     layout_roguey, orc_0_dummy, gammafunk_ghost_wrathful_warriors,
          serial_shops, nicolae_shop_back_alley_shop,
          minmay_guarded_unrand_curses, uniq_snorg
D:13:     minmay_tile_spiral, layout_basic, lightli_vaults_fourway_checkpoint,
          grunt_ministairs_11
D:14:     layout_basic, nicolae_ashenzari_skybound, uniq_frances
D:15:     hangedman_depths_entry_try_elsewhere_first, layout_basic,
          serial_bayou, serial_bayou_shore_b, serial_bayou_pond_a,
          serial_bayou_shore_b, serial_bayou_pond_b, nicolae_shop_self_help,
          uniq_nessos, uniq_josephine
Lair:1:   layout_gridlike, uniq_amaemon, uniq_gastronok
Lair:2:   layout_long_grid, uniq_fannar
Lair:3:   layout_cave_pods, minmay_swamp_entry_worms,
          minmay_snake_entry_guardpost_medium, serial_bayou_shore_b,
          grunt_megastairs_5, serial_bayou_shore_b, infiniplex_staircase_pool_2
Lair:4:   layout_long_grid, dpeg_slime_entry_enclosed, minmay_lindwurm_lava
Lair:5:   minmay_lair_end_frog_pond, layout_gridlike,
          nicolae_lair_run_with_the_wolves, lemuel_fruit_fields,
          lemuel_fruit_tree
Snake:1:  layout_rooms, nicolae_coiled_stairwell_down, uniq_aizul
Orc:1:    layout_diamond_mine, serial_shops, nicolae_shop_real_fake_doors,
          nicolae_shop_waterfront, nicolae_shop_behind_doors, shop_fountains,
          uniq_erolcha
Orc:2:    grunt_orc_gardens, layout_diamond_mine, grunt_orc_garden,
          grunt_orc_garden, grunt_orc_garden, grunt_orc_garden, serial_shops,
          nicolae_shop_tiny_waterfront, portal_ice_cave_entry_ice_simulacra

Skill      XL: |  1  2  3  4  5  6  7  8  9 10 11 12 13 14 15 16 |
---------------+-------------------------------------------------+-----
Maces & Flails | 3 |  3.6
Dodging        | 3 4 5 6 |  6.8
Stealth        | 1 2 3 5 7 8 9 10 | 10.0
Fighting       | 4 5 6 7 8 10 | 10.0
Armour         | 1 2 3 6 7 |  7.6
Invocations    | 2 4 6 7 8 11 | 11.0
Evocations     | 4 5 6 7 |  7.8
Short Blades   | 2 6 7 9 10 | 10.0
Shields        | 3 4 |  4.5
Polearms       | 2 |  2.0
Spellcasting   | 2 3 |  3.0
Hexes          | 4 6 7 |  7.0
Ice Magic      | 4 |  4.0
Necromancy     | 4 9 11 | 11.0
Fire Magic     | 4 7 9 10 | 10.0

Action                     |  1- 3 |  4- 6 |  7- 9 | 10-12 | 13-15 | 16-18 || total
---------------------------+-------+-------+-------+-------+-------+-------++-------
  Melee: Mace              |    59 |    49 |   214 |       |       |       ||   322
         Touch             |       |       |    81 |    46 |   275 |     4 ||   406
         Punch             |       |       |     5 |     4 |    15 |     1 ||    25
         Flail             |       |       |    93 |       |       |       ||    93
         Short sword       |       |       |   167 |   456 |  1055 |    22 ||  1700
         Spear             |       |       |    13 |     7 |       |       ||    20
  Throw: Dart              |       |       |    10 |    18 |     4 |       ||    32
   Cast: Ensorcelled Hiber |       |       |       |       |     4 |       ||     4
         Fugue of the Fall |       |       |       |       |     4 |       ||     4
 Invoke: Dark Bargain      |       |       |       |       |     1 |       ||     1
         Bind Soul         |       |       |       |       |     1 |     1 ||     2
  Evoke: Wand              |       |       |       |     8 |    13 |       ||    21
    Use: Scroll            |       |     4 |     5 |    13 |    10 |       ||    32
         Potion            |       |       |       |       |     7 |     2 ||     9
   Stab: Distracted        |       |     2 |     9 |    14 |    17 |     1 ||    43
         Sleeping          |       |       |     9 |    13 |    31 |       ||    53
         Paralysed         |       |       |       |     2 |     1 |       ||     3
         Confused          |       |       |       |       |     1 |       ||     1
 Armour: Robe              |     4 |       |    74 |   171 |   441 |    22 ||   712
         Ring mail         |    23 |    22 |   186 |       |       |       ||   231
  Dodge: Dodged            |    44 |    43 |   424 |   234 |   538 |    20 ||  1303
  Block: Buckler           |       |       |    14 |    99 |     7 |       ||   120
